 Dungeon Crawl Stone Soup version 0.31-a0-175-g9f7f995f2b (webtiles) character file.

Game seed: 17553486254361725470

127289 jasper the Spry (level 16, -3/88 HPs)
             Began as a Spriggan Conjurer on June 16, 2023.
             Was the Champion of Jiyva.
             Slain by a spriggan rider
             ... wielding a +0 spear
              (29 damage)
             ... on level 4 of the Swamp.
             The game lasted 00:58:28 (28329 turns).

jasper the Spry (Spriggan Conjurer)                Turns: 28329, Time: 00:58:29

Health: -3/88      AC:  3    Str:  6    XL:     16   Next: 16%
Magic:  24/31      EV: 28    Int: 42    God:    Jiyva [******]
Gold:   958        SH:  0    Dex: 17    Spells: 2/35 levels left

rFire   + + .        S - staff of conjuration "Enun" {+Blink rElec rPois Str-3}
rCold   . . .        (shield currently unavailable)
rNeg    . . .        E - +1 robe "Plog" {Str+2 Int+6}
rPois   +            (helmet unavailable)
rElec   +            (no cloak)
rCorr   +            (gloves unavailable)
SInv    +            (boots unavailable)
Will    +++..        K - amulet of faith
Stlth   +++          J - +6 ring of strength
HPRegen 1.94/turn    v - +6 ring of intelligence
MPRegen 0.72/turn

%: faith
@: very quick
A: very small, no large weapons, unfitting armour, see invisible, speed 3, horns
3, agile 1, clever 1, fire resistance 2, strong-willed 1, sense surroundings 3,
eyeballs 2, translucent skin 2, jelly sensing items, engulf
}: 1/15 runes: slimy
a: Renounce Religion, Evoke Blink, Oozemancy, Slimify


You were on level 4 of the Swamp.
You worshipped Jiyva.
Jiyva was exalted by your worship.
You visited 6 branches of the dungeon, and saw 32 of its levels.
You also visited: Sewer, Ossuary and Ice Cave.

You collected 1672 gold pieces.
You spent 714 gold pieces at shops.

Inventory:

Hand Weapons
 d - a +1 whip of flaming
 T - the +6 scimitar of Bodily Humours {spect, rPois Will++}
   (You found it on level 5 of the Pits of Slime)

   rPois:     It protects you from poison.
   Will:      It greatly increases your willpower.
Missiles
 y - 5 throwing nets
 G - a curare-tipped dart
Armour
 k - a +1 hat
 E - the +1 robe "Plog" (worn) {Str+2 Int+6}
   (You found it on level 14 of the Dungeon)

   Str:       It affects your strength (+2).
   Int:       It affects your intelligence (+6).
Magical Staves
 D - a staff of fire
 O - a staff of conjuration
 S - the staff of conjuration "Enun" (weapon) {+Blink rElec rPois Str-3}
   (You found it on level 5 of the Pits of Slime)

   [staff of conjuration]

   Base accuracy: +5 Base damage: 5 Base attack delay: 1.2 This weapon's minimum
   attack delay (0.6) is reached at skill level 12.
   Str:       It affects your strength (-3).
   rElec:     It insulates you from electricity.
   rPois:     It protects you from poison.
   +Blink:    It lets you blink.
   It falls into the 'Staves' category.
   It is a two-handed weapon.
Jewellery
 e - an amulet of guardian spirit
 i - a +5 ring of evasion
 j - a ring of protection from fire
 r - a +5 ring of evasion
 v - a +6 ring of intelligence (right hand)
 J - a +6 ring of strength (left hand)
 K - an amulet of faith (around neck)
 Q - a ring of magical power
Wands
 a - a wand of digging (15)
 n - a wand of mindburst (27)
 A - a wand of roots (23)
 H - a wand of polymorph (7)
 L - a wand of flame (59)
 N - a wand of charming (23)
Scrolls
 b - 9 scrolls of teleportation
 q - 3 scrolls of fog
 s - 3 scrolls of blinking
 x - 2 scrolls of vulnerability
 P - 3 scrolls of amnesia
 R - 2 scrolls of immolation
 U - 4 scrolls of identify
 V - a scroll of brand weapon
 W - a scroll of enchant weapon
 X - a scroll of revelation
 Z - 2 scrolls of butterflies
Potions
 c - 6 potions of curing
 f - 4 potions of attraction
 g - 8 potions of might
 h - 2 potions of enlightenment
 l - 2 potions of invisibility
 m - a potion of resistance
 o - 3 potions of magic
 p - 3 potions of heal wounds
 t - 4 potions of degeneration
 u - 5 potions of brilliance
 w - a potion of ambrosia
 z - a potion of haste
 B - a potion of lignification
 C - a potion of berserk rage
 I - a potion of cancellation
 Y - a potion of mutation
Miscellaneous
 F - a phantom mirror (inert)
 M - a lightning rod (2/4)


   Skills:
 - Level 12.0 Fighting
 - Level 15.0 Dodging
 - Level 3.0 Stealth
 - Level 10.0 Spellcasting
 + Level 13.4 Conjurations
 - Level 8.4 Hexes
 + Level 6.3 Summonings
 - Level 10.0 Translocations
 - Level 5.0 Ice Magic
 - Level 5.0 Air Magic


You had 2 spell levels left.
You knew the following spells:

 Your Spells              Type           Power      Damage    Failure   Level
a - Magic Dart            Conj           100%       1d8       0%          1
b - Searing Ray           Conj           100%       2d8       0%          2
c - Fulminant Prism       Conj/Hex       53%        3d22      1%          4
d - Iskenderun's Mystic   Conj/Tloc      100%       2d19      1%          4
e - Mephitic Cloud        Conj/Pois/Air  83%        N/A       1%          3
f - Freezing Cloud        Conj/Ice/Air   46%        6-21      1%          5
g - Orb of Destruction    Conj           58%        9d14      5%          7
h - Spellforged Servitor  Conj/Summ      51%        N/A       22%         7

Your spell library contained the following spells:

 Spells                   Type           Power      Damage    Failure   Level
 Freeze                   Ice            100%       1d10      1%          1
 Sandblast                Erth           42%        2d11      1%          1
 Summon Small Mammal      Summ           100%       N/A       1%          1
 Cigotuvi's Dreadful Rot  Necr/Pois/Air  68%        N/A       1%          2
 Ensorcelled Hibernation  Hex/Ice        100%       N/A       1%          2
 Lesser Beckoning         Tloc           100%       N/A       1%          2
 Poisonous Vapours        Pois/Air       84%        N/A       1%          2
 Passwall                 Tmut/Erth      17%        N/A       2%          2
 Call Canine Familiar     Summ           65%        N/A       1%          3
 Dazzling Flash           Conj/Hex       100%       N/A       1%          3
 Frozen Ramparts          Ice            100%       1d16      1%          3
 Gell's Gravitas          Tloc           81%        N/A       1%          3
 Hailstorm                Conj/Ice       99%        3d19      1%          3
 Inner Flame              Hex/Fire       54%        N/A       1%          3
 Stone Arrow              Conj/Erth      100%       3d13      1%          3
 Summon Guardian Golem    Hex/Summ       70%        N/A       1%          3
 Swiftness                Air            58%        N/A       1%          3
 Teleport Other           Tloc           81%        N/A       1%          3
 Tukima's Dance           Hex            75%        N/A       1%          3
 Volatile Blastmotes      Fire/Tloc      100%       2d18      1%          3
 Flame Wave               Conj/Fire      86%        2d18      1%          4
 Passage of Golubria      Tloc           81%        N/A       1%          4
 Sticky Flame             Conj/Fire      86%        2d10      1%          4
 Summon Ice Beast         Ice/Summ       62%        N/A       1%          4
 Summon Lightning Spire   Summ/Air       62%        N/A       1%          4
 Metabolic Englaciation   Hex/Ice        33%        N/A       2%          5
 Ignite Poison            Fire/Tmut/Pois 21%        N/A       4%          3
 Animate Armour           Summ/Erth      94%        N/A       4%          4
 Yara's Violent Unravell  Hex/Tmut       27%        3d12      8%          5
 Petrify                  Tmut/Erth      21%        N/A       16%         4
 Starburst                Conj/Fire      43%        6d12      16%         6
 Blade Hands              Tmut           10%        N/A       38%         5
 Borgnjor's Vile Clutch   Necr/Erth      10%        N/A       38%         5
 Statue Form              Tmut/Erth      14%        N/A       93%         6
 Lehudib's Crystal Spear  Conj/Erth      43%        10d10     100%        8
 Polar Vortex             Ice            29%        N/A       100%        9


Dungeon Overview and Level Annotations

Branches:
Dungeon (15/15)            Temple (1/1) D:6            Lair (5/5) D:9
  Swamp (4/4) Lair:2       Spider (0/4) Lair:3        Slime (5/5) Lair:4
    Orc (2/2) D:9             Elf (0/3) Orc:2        Vaults (0/5) D:14
 Depths (0/4) D:15          Sewer (visited)         Ossuary (visited)
  IceCv (visited)

Altars:
Ashenzari
Cheibriados
Elyvilon
Okawaru
Qazlal
Ru
Uskayaw
Vehumet
Wu Jian
Jiyva

Shops:
D:10 [   D:12 **   Orc:2 ?[(=

Annotations:
D:4 Grinder
D:13 2 transporters, Puroamod's ghost, journeyman DsCj


Innate Abilities, Weirdness & Mutations

You are very small and have problems with some larger weapons.
You are too small for most types of armour.
You have supernaturally acute eyesight. (SInv)
You cover ground extremely quickly. (Speed+++)
You have a pair of large horns on your head.
You are agile. (Dex +4, Str/Int -1)
Your mind is acute. (Int +4, Str/Dex -1)
Your flesh is very heat resistant. (rF++)
You are strong-willed. (Will+)
You passively map a large area around you.
Your body has grown many eyes which may confuse attackers. (Acc +5)
Your translucent skin reduces your foes' accuracy. (Stealth+)
You have a small jelly attached to you that senses nearby items.
Your melee attacks may engulf your foes in ooze.


Message History

The eyeballs on your body gaze at the tyrant leech.
A spriggan rider comes into view. It is wielding a +0 spear.
The alligator misses you. x2
You regained 3 hp, and now have 65/88 hp.
You hit the alligator but do no damage.
You headbutt the alligator, but do no damage.
The alligator is severely wounded.
The alligator puts on a burst of speed!
Your azure jelly splashes around in the water.
Your azure jelly hits the tyrant leech!
Your azure jelly freezes the tyrant leech!!
Your azure jelly hits the tyrant leech!
Your azure jelly hits the tyrant leech.
The alligator bites you! The alligator closely misses you.
You take 11 damage, and have 54/88 hp.
You closely miss the alligator. Your headbutt misses the alligator.
The alligator is severely wounded.
Your azure jelly hits the tyrant leech!
Your azure jelly freezes the tyrant leech!!!
The tyrant leech dies!
The alligator barely misses you. The alligator closely misses you.
You regained 2 hp, and now have 56/88 hp.
You hit the alligator.
The alligator is severely wounded.
The alligator closely misses you. The alligator tail-slaps you!
The alligator completely misses you. The alligator tail-slaps you.
You take 14 damage, and have 42/88 hp.
You hit the alligator but do no damage.
The alligator is severely wounded.
Your azure jelly closely misses the alligator.
Your azure jelly hits the alligator.
Your azure jelly freezes the alligator!!
The alligator seems to slow down.
The alligator dies!
The spriggan rider is engulfed in freezing vapours.
The spriggan rider hits you from afar with a +0 spear!!
* * * LOW HITPOINT WARNING * * *
A four-headed hydra comes into view.
You take 18 damage, and have 24/88 hp.
MASSIVE DAMAGE!!
The spriggan rider hits you from afar with a +0 spear!!
You die...

, ~ , ~ ~~
,.♣♣~.~~~♣♣*
~ ~ ^
~~...~~~.♣ ,
~D..~.§~♣♣ ~
.§§§~..♣ ~ ,
∆§§§~~.♣ ~
,~ , §i.:~♣
* , ♣J.~~♣ *
* ~ ♣@†~~♣
,* ~~~
♣~§~~♣ , ***
, * ♣♣..♣♣ ~
,~*** ..♣ *
.~. ~ ~~,* ~
* .~~♣ ~ ~ ,
* **.~~♣
~,,, ~ ~
♣♣♣♣ * ~ , ~
~


You could see a four-headed hydra, a spriggan rider (ally target) and a friendly
azure jelly (summoned).

Vanquished Creatures
  Mlioglotl (Swamp:4)
  A thorn hunter (Swamp:2)
  Gastronok (D:9)
  A fenstrider witch (Swamp:3)
  Louise (Swamp:2)
  A reaper (IceCv)
  A stone giant (D:15)
  An eleionoma (Swamp:3)
  A dire elephant (Lair:5)
  4 bunyips (Swamp:2)
  An ettin (Orc:2)
  The ghost of Rudyous the Destroyer, a journeyman DsFE of Gozag (Orc:1)
  A fire dragon (Lair:5)
  Fannar (Lair:1)
  An ice dragon (D:14)
  A vault guard (D:14)
  5 hydras
  2 ogre magi (Orc:2)
  A catoblepas (Lair:1)
  3 boulder beetles
  8 two-headed ogres
  3 alligators
  2 centaur warriors (D:14)
  A tengu warrior (D:13)
  6 spriggans
  2 goliath frogs
  A skyshark (Lair:3)
  A spriggan druid (Swamp:2)
  A death drake (shapeshifter) (D:14)
  2 deep trolls (Orc:2)
  3 swamp dragons
  6 deep elf pyromancers
  A lindwurm (Lair:5)
  2 orc sorcerers (Orc:1)
  21 ugly things
  8 manticores
  8 cyclopes
  3 will-o-the-wisps
  4 torpor snails (Lair:5)
  An ice statue (IceCv)
  6 cane toads
  A gargoyle (D:10)
  4 black mambas
  2 rime drakes (Lair:2)
  8 komodo dragons
  3 unseen horrors
  2 efreet
  An ice devil (IceCv)
  5 tengu conjurers
  A rime drake (shapeshifter) (D:13)
  An anaconda simulacrum (IceCv)
  11 trolls
  2 bloated husks
  3 meliai (D:13)
  11 tyrant leeches
  12 polar bears
  A blink frog (shapeshifter) (D:15)
  A raiju (Lair:5)
  14 hornets
  4 blink frogs (Lair:5)
  13 dream sheep
  A jumping spider (Lair:3)
  A dire elephant simulacrum (IceCv)
  3 wyverns
  A shadow (D:10)
  A vampire (D:13)
  2 wraiths
  45 yaks
  4 steam dragons
  A basilisk (Lair:1)
  19 vampire mosquitoes
  2 death yak simulacra (IceCv)
  8 swamp worms
  10 wargs
  A harpy simulacrum (IceCv)
  6 water moccasins
  4 hydra simulacra (IceCv)
  16 hell hounds (Lair:5)
  An acid dragon (D:13)
  3 ice beasts
  12 orc warriors
  A sky beast (D:7)
  14 black bears
  18 wolves (Lair:5)
  19 ogres
  3 boggarts (D:15)
  2 centaurs
  A phantom (D:5)
  11 bullfrogs
  3 kobold brigands
  2 gnoll sergeants
  3 scorpions
  4 cane toad simulacra (IceCv)
  3 two-headed ogre simulacra (IceCv)
  A water moccasin zombie (Ossuary)
  8 wights
  2 elephant simulacra (IceCv)
  22 killer bees
  4 lava snakes (D:7)
  19 jellies
  2 gnoll boudas
  12 orc priests
  Jessica (D:3)
  Natasha (thrice) (D:3)
  2 cyclops simulacra (Orc:1)
  7 iguanas
  A sleepcap (D:8)
  17 orc wizards
  A spectral orc (Orc:1)
  2 spriggan simulacra (IceCv)
  5 troll simulacra (IceCv)
  2 wolf simulacra (IceCv)
  2 mummies (Ossuary)
  Robin (D:4)
  13 gnolls
  An ogre simulacrum (Orc:1)
  3 river rats (Sewer)
  3 adders
  6 naga simulacra (IceCv)
  2 shadow imps (D:6)
  4 white imps
  7 ufetubi
  2 adder zombies (Ossuary)
  4 worms
  15 dart slugs
  52 orcs
  3 orc simulacra (Orc:1)
  12 endoplasms
  11 giant cockroaches
  4 gnoll zombies (Ossuary)
  17 goblins
  9 hobgoblins
  7 quokkas
  13 ball pythons
  7 bats
  A frilled lizard (Sewer)
  4 hobgoblin zombies (Ossuary)
  16 kobolds
  5 orc zombies (Ossuary)
  8 rats
788 creatures vanquished.

Vanquished Creatures (collateral kills)
  A thorn hunter (Swamp:1)
  An eleionoma (Swamp:3)
  A bunyip (Swamp:4)
  A boulder beetle (D:12)
  A two-headed ogre (D:11)
  An alligator (Swamp:4)
  2 spriggans (Swamp:2)
  A bog body (Swamp:1)
  A cyclops (D:13)
  A gargoyle (D:12)
  A torpor snail (Lair:5)
  A tyrant leech (Swamp:4)
  3 polar bears (Lair:1)
  A hornet (Swamp:2)
  2 yaks (D:11)
  A swamp worm (Swamp:1)
  An orc warrior (Orc:2)
  2 black bears (Lair:1)
  2 ogres (Orc:2)
25 creatures vanquished.

Vanquished Creatures (others)
  A two-headed ogre (D:14)
  A tengu warrior (D:15)
  A manticore (D:14)
  A hornet (D:9)
  15 slime creatures
  A spriggan (Swamp:4)
  A yak (D:9)
  2 vampire mosquitoes (D:15)
  An acid dragon (D:12)
  2 black bears (Lair:1)
  A centaur (D:12)
  A tengu (shapeshifter) (D:15)
  A bullfrog (D:9)
  A water moccasin zombie (Ossuary)
  A killer bee (D:10)
  A howler monkey (D:12)
  101 jellies
  2 iguanas
  2 orc wizards (D:12)
  2 gnolls
  An adder (D:5)
  A naga simulacrum (IceCv)
  2 ufetubi (IceCv)
  4 adder zombies (Ossuary)
  A dart slug (D:5)
  5 orcs
  A hobgoblin (D:9)
  2 gnoll zombies (Ossuary)
  A hobgoblin zombie (Ossuary)
  2 kobold zombies (Ossuary)
  An orc zombie (Ossuary)
  20 foxfires
  75 fulminant prisms
255 creatures vanquished.

Grand Total: 1068 creatures vanquished

Notes
Turn   | Place    | Note
-------+----------+-------------------------------------------
     0 | D:1      | jasper the Spriggan Conjurer began the quest for the Orb.
     0 | D:1      | Reached XP level 1. HP: 9/9 MP: 5/5
   241 | D:1      | Reached XP level 2. HP: 9/13 MP: 0/7
   961 | D:1      | Reached XP level 3. HP: 16/16 MP: 6/9
   964 | D:1      | Learned a level 2 spell: Searing Ray
  1167 | D:2      | Found an iron altar of Okawaru.
  1762 | D:2      | Reached XP level 4. HP: 21/21 MP: 3/11
  2230 | D:3      | Noticed Natasha
  2237 | D:3      | Killed Natasha
  2573 | D:3      | Noticed Natasha
  2581 | D:3      | Killed Natasha
  2582 | D:3      | Reached skill level 5 in Spellcasting
  2582 | D:3      | Reached XP level 5. HP: 22/24 MP: 0/13
  2743 | D:3      | Noticed Natasha
  2748 | D:3      | Killed Natasha
  2820 | D:3      | Learned a level 4 spell: Fulminant Prism
  2826 | D:3      | Learned a level 4 spell: Iskenderun's Mystic Blast
  2871 | D:3      | Noticed Jessica
  2876 | D:3      | Killed Jessica
  2877 | D:3      | Reached skill level 1 in Translocations
  3017 | D:3      | Reached skill level 1 in Hexes
  3025 | D:3      | Reached XP level 6. HP: 9/28 MP: 0/14
  3637 | D:4      | Noticed Robin
  3744 | D:4      | Killed Robin
  3905 | D:4      | Noticed Grinder
  3911 | D:5      | Entered Level 5 of the Dungeon
  4215 | D:5      | Reached XP level 7. HP: 30/32 MP: 8/15
  4312 | D:5      | Found a glowing drain.
  4354 | Sewer    | Entered a sewer
  4769 | Sewer    | Reached skill level 5 in Conjurations
  4851 | Sewer    | Reached skill level 5 in Translocations
  4922 | Sewer    | Found a viscous altar of Jiyva.
  4946 | Sewer    | Became a worshipper of Jiyva Jeehiy the Shapeless
  5186 | D:5      | Found a broken altar of Ashenzari.
  5752 | D:6      | Found a staircase to the Ecumenical Temple.
  5792 | D:6      | Reached skill level 5 in Hexes
  5792 | D:6      | Reached XP level 8. HP: 35/36 MP: 10/16
  5837 | D:6      | Reached * piety under Jiyva
  6234 | D:6      | Found a sand-covered staircase.
  6240 | Ossuary  | Entered an ossuary
  6390 | Ossuary  | Reached XP level 9. HP: 39/39 MP: 11/17
  6576 | D:6      | Reached ** piety under Jiyva
  6695 | Temple   | Entered the Ecumenical Temple
  7164 | D:7      | Learned a level 3 spell: Mephitic Cloud
  7633 | D:8      | Reached skill level 10 in Translocations
  7789 | D:8      | Reached *** piety under Jiyva
  7958 | D:8      | Reached XP level 10. HP: 7/44 MP: 8/18
  8197 | D:8      | Gained mutation: You have large cloven feet. [Jiyva's
                  | grace]
  8197 | D:8      | Gained mutation: You have hoof-like feet. [Jiyva's grace]
  8197 | D:8      | Gained mutation: You have hooves in place of feet. [Jiyva's
                  | grace]
  8197 | D:8      | Gained mutation: Armour fits poorly on your pseudopods.
                  | [Jiyva's grace]
  8257 | D:8      | Learned a level 5 spell: Freezing Cloud
  8302 | D:9      | Reached skill level 3 in Dodging
  8358 | D:9      | Reached skill level 1 in Air Magic
  8359 | D:9      | Reached skill level 1 in Fighting
  8359 | D:9      | Reached skill level 1 in Ice Magic
  8396 | D:9      | Reached **** piety under Jiyva
  8452 | D:9      | Reached skill level 4 in Dodging
  8635 | D:9      | Found a staircase to the Orcish Mines.
  8681 | D:9      | Noticed Gastronok
  8799 | D:9      | Killed Gastronok
  8800 | D:9      | Reached skill level 5 in Dodging
  8844 | D:9      | Reached skill level 6 in Dodging
  9049 | D:9      | Found a staircase to the Lair.
  9132 | D:9      | Reached XP level 11. HP: 52/52 MP: 11/19
  9369 | D:10     | Entered Level 10 of the Dungeon
  9559 | D:10     | Reached ***** piety under Jiyva
  9760 | D:10     | Found Parozef's Antique Armour Emporium.
  9967 | D:10     | Was placed under penance by Jiyva
  9968 | D:10     | Reached skill level 7 in Dodging
 10053 | D:10     | Gained mutation: Armour fits poorly on your strangely
                  | shaped body. [the all-consuming vengeance of Jiyva]
 10496 | D:11     | Was forgiven by Jiyva
 10585 | D:11     | Noticed a two-headed ogre
 10624 | D:11     | Killed a two-headed ogre
 10683 | D:11     | Lost mutation: Armour fits poorly on your strangely shaped
                  | body. [Jiyva's grace]
 10683 | D:11     | Lost mutation: Armour fits poorly on your pseudopods.
                  | [Jiyva's grace]
 10683 | D:11     | Gained mutation: Your mind is acute. (Int +4, Str/Dex -1)
                  | [Jiyva's grace]
 10683 | D:11     | Gained mutation: Your mind is very acute. (Int +8, Str/Dex
                  | -2) [Jiyva's grace]
 10683 | D:11     | Gained mutation: Your flesh is cold resistant. (rC+)
                  | [Jiyva's grace]
 10683 | D:11     | Gained mutation: Your flesh is very cold resistant. (rC++)
                  | [Jiyva's grace]
 10746 | D:11     | Reached skill level 5 in Air Magic
 10833 | D:11     | Reached skill level 8 in Dodging
 10881 | D:11     | You fall into a shaft and drop 3 floors!
 10882 | D:14     | Noticed a deep elf pyromancer
 10888 | D:14     | Killed a two-headed ogre
 10889 | D:14     | Killed a deep elf pyromancer
 11127 | D:12     | Noticed a boulder beetle
 11146 | D:12     | Reached skill level 5 in Fighting
 11146 | D:12     | Reached skill level 5 in Ice Magic
 11146 | D:12     | Killed a boulder beetle
 11147 | D:12     | Reached skill level 9 in Dodging
 11545 | D:11     | Reached ****** piety under Jiyva
 11752 | Lair:1   | Entered Level 1 of the Lair of Beasts
 11774 | Lair:1   | Found a frozen archway.
 11789 | IceCv    | Entered an ice cave
 11813 | IceCv    | Was placed under penance by Jiyva
 12049 | IceCv    | Was forgiven by Jiyva
 12194 | IceCv    | Lost mutation: You have hooves in place of feet. [Jiyva's
                  | grace]
 12194 | IceCv    | Gained mutation: You have a small jelly attached to you
                  | that senses nearby items. [Jiyva's grace]
 12194 | IceCv    | Gained mutation: Your flesh is heat resistant. (rF+)
                  | [Jiyva's grace]
 12194 | IceCv    | Gained mutation: Your flesh is very heat resistant. (rF++)
                  | [Jiyva's grace]
 12194 | IceCv    | Gained mutation: Your flesh is almost immune to the effects
                  | of heat. (rF+++) [Jiyva's grace]
 12358 | IceCv    | Was placed under penance by Jiyva
 12364 | IceCv    | Reached skill level 10 in Dodging
 12364 | IceCv    | Reached XP level 12. HP: 61/61 MP: 2/20
 12699 | IceCv    | Noticed a reaper
 12740 | IceCv    | Killed a reaper
 13157 | IceCv    | Got the Elucidation of Cryomancy
 13591 | Lair:1   | Was forgiven by Jiyva
 13618 | Lair:1   | Reached skill level 11 in Dodging
 13797 | Lair:1   | Noticed Fannar
 13813 | Lair:1   | Killed Fannar
 13962 | Lair:1   | Noticed a catoblepas
 13977 | Lair:1   | Killed a catoblepas
 14629 | Lair:2   | Reached skill level 12 in Dodging
 14644 | Lair:2   | Found a staircase to the Swamp.
 14921 | Lair:2   | Got Pikoz's Cyclopedia of the Fault
 15510 | Lair:3   | Reached skill level 13 in Dodging
 15876 | Lair:3   | Lost mutation: You have a small jelly attached to you that
                  | senses nearby items. [Jiyva's grace]
 15876 | Lair:3   | Gained mutation: You are strong-willed. (Will+) [Jiyva's
                  | grace]
 15876 | Lair:3   | Gained mutation: You are highly strong-willed. (Will++)
                  | [Jiyva's grace]
 15876 | Lair:3   | Gained mutation: You are extremely strong-willed. (Will+++)
                  | [Jiyva's grace]
 15876 | Lair:3   | Gained mutation: You have hooves in place of feet. [Jiyva's
                  | grace]
 16053 | Lair:3   | Found a hole to the Spider Nest.
 16181 | Lair:3   | Identified the +8 short sword of Xumpev {flame, rCorr Int+3
                  | Stlth+}
 16738 | Lair:4   | Reached XP level 13. HP: 70/70 MP: 8/21
 16896 | Lair:4   | Reached skill level 14 in Dodging
 16997 | Lair:4   | Found a viscous altar of Jiyva.
 16998 | Lair:4   | Found a staircase to the Slime Pits.
 17013 | Slime:1  | Entered Level 1 of the Pits of Slime
 17013 | Slime:1  | Noticed an azure jelly
 17018 | Slime:2  | Noticed an acid blob
 17018 | Slime:2  | Noticed a quicksilver ooze
 17018 | Slime:2  | Noticed a rockslime
 17023 | Slime:2  | Noticed a quicksilver ooze
 17025 | Slime:2  | Noticed an acid blob
 17031 | Slime:3  | Noticed a formless jellyfish
 17033 | Slime:4  | Noticed a rockslime
 17033 | Slime:4  | Noticed an acid blob
 17041 | Slime:5  | Entered Level 5 of the Pits of Slime
 17057 | Slime:5  | Noticed a quicksilver ooze
 17098 | Slime:5  | Noticed an acid blob
 17098 | Slime:5  | Noticed an acid blob
 17129 | Slime:5  | Noticed an acid blob
 17167 | Slime:5  | Noticed an acid blob
 17194 | Slime:5  | Noticed an acid blob
 17195 | Slime:5  | Noticed an azure jelly
 17196 | Slime:5  | Found a viscous altar of Jiyva.
 17199 | Slime:5  | Noticed an acid blob
 17202 | Slime:5  | Identified the +7 short sword of Yduus {drain, Dex+3}
 17205 | Slime:5  | Identified the staff of conjuration "Enun" {+Blink rElec
                  | rPois Str-3}
 17213 | Slime:5  | Identified the staff of fire "Zeagish" {Fragile rF+ Dex+8}
 17220 | Slime:5  | Noticed an azure jelly
 17225 | Slime:5  | Got a slimy rune of Zot
 17228 | Slime:5  | Identified the +0 hat "Umoiman" {Dex+3}
 17246 | Slime:5  | Identified the +6 scimitar of Bodily Humours {spect, rPois
                  | Will++}
 17267 | Slime:5  | Noticed an acid blob
 17276 | Slime:3  | Noticed a formless jellyfish
 17493 | Lair:4   | Lost mutation: You have hooves in place of feet. [Jiyva's
                  | grace]
 17493 | Lair:4   | Lost mutation: You have hoof-like feet. [Jiyva's grace]
 17493 | Lair:4   | Lost mutation: Your mind is very acute. (Int +8, Str/Dex
                  | -2) [Jiyva's grace]
 17493 | Lair:4   | Lost mutation: Your flesh is very cold resistant. (rC++)
                  | [Jiyva's grace]
 17493 | Lair:4   | Gained mutation: Your body has grown eyes which may confuse
                  | attackers. (Acc +3) [Jiyva's grace]
 17493 | Lair:4   | Gained mutation: Your body has grown many eyes which may
                  | confuse attackers. (Acc +5) [Jiyva's grace]
 17493 | Lair:4   | Gained mutation: Your body is covered in eyes which may
                  | confuse attackers. (Acc +7, SInv) [Jiyva's grace]
 17493 | Lair:4   | Gained mutation: Your melee attacks may engulf your foes in
                  | ooze. [Jiyva's grace]
 17736 | Lair:5   | Entered Level 5 of the Lair of Beasts
 18068 | Lair:5   | Reached skill level 15 in Dodging
 18458 | Lair:5   | Reached skill level 10 in Fighting
 18717 | Lair:5   | Noticed a dire elephant
 18771 | Lair:5   | Killed a dire elephant
 19160 | Lair:5   | Found a runed translucent door.
 19161 | Lair:5   | Noticed a fire dragon
 19453 | Lair:5   | Killed a fire dragon
 19454 | Lair:5   | Reached XP level 14. HP: 71/80 MP: 6/24
 19744 | Orc:1    | Entered Level 1 of the Orcish Mines
 20024 | Orc:1    | Lost mutation: Your flesh is almost immune to the effects
                  | of heat. (rF+++) [Jiyva's grace]
 20024 | Orc:1    | Gained mutation: You are agile. (Dex +4, Str/Int -1)
                  | [Jiyva's grace]
 20024 | Orc:1    | Lost strength.
 20024 | Orc:1    | Gained mutation: You are very agile. (Dex +8, Str/Int -2)
                  | [Jiyva's grace]
 20024 | Orc:1    | Gained mutation: Your translucent skin slightly reduces
                  | your foes' accuracy. (Stealth+) [Jiyva's grace]
 20024 | Orc:1    | Gained mutation: Your translucent skin reduces your foes'
                  | accuracy. (Stealth+) [Jiyva's grace]
 20217 | Orc:2    | Entered Level 2 of the Orcish Mines
 20316 | Orc:2    | Learned a level 7 spell: Orb of Destruction
 20949 | Orc:2    | Found Fetsurim's Magic Scroll Shop.
 21005 | Orc:2    | Reached skill level 10 in Conjurations
 21064 | Orc:2    | Found Tiqudoerr's Armour Emporium.
 21067 | Orc:2    | Bought a scroll of teleportation for 36 gold pieces
 21067 | Orc:2    | Bought a scroll of blinking for 90 gold pieces
 21067 | Orc:2    | Bought a scroll of teleportation for 36 gold pieces
 21069 | Orc:2    | Found Ovubry's Antique Weapon Boutique.
 21070 | Orc:2    | Found Fyeggar's Jewellery Shop.
 21119 | Orc:2    | Found a staircase to the Elven Halls.
 21270 | Orc:1    | Found a runed translucent gate.
 21317 | Orc:1    | Found a runed translucent gate.
 21317 | Orc:1    | Found a runed translucent gate.
 21347 | Orc:1    | Noticed Rudyous's ghost (journeyman DsFE)
 21393 | Orc:1    | Killed Rudyous's ghost
 21798 | D:12     | Found Dina's Specific Store.
 21799 | D:12     | Found Ojaisixt's General Store.
 21806 | D:12     | Bought a scroll of blinking for 127 gold pieces
 21806 | D:12     | Bought a scroll of butterflies for 68 gold pieces
 21814 | D:12     | Bought a wand of digging (5) for 357 gold pieces
 22010 | D:12     | Lost mutation: You have large cloven feet. [Jiyva's grace]
 22010 | D:12     | Lost mutation: You are very agile. (Dex +8, Str/Int -2)
                  | [Jiyva's grace]
 22010 | D:12     | Lost mutation: Your flesh is cold resistant. (rC+) [Jiyva's
                  | grace]
 22010 | D:12     | Lost mutation: You are extremely strong-willed. (Will+++)
                  | [Jiyva's grace]
 22010 | D:12     | Lost mutation: Your body is covered in eyes which may
                  | confuse attackers. (Acc +7, SInv) [Jiyva's grace]
 22010 | D:12     | Gained mutation: Your transparent skin significantly
                  | reduces your foes' accuracy. (Stealth+) [Jiyva's grace]
 22010 | D:12     | Gained mutation: You have a small jelly attached to you
                  | that senses nearby items. [Jiyva's grace]
 22010 | D:12     | Gained mutation: You have a pair of small horns on your
                  | head. [Jiyva's grace]
 22010 | D:12     | Gained mutation: You have a pair of horns on your head.
                  | [Jiyva's grace]
 22576 | D:13     | Found a transporter.
 22612 | D:13     | Found an ornate altar of the Wu Jian Council.
 22638 | D:13     | Found a transporter.
 22644 | D:13     | Noticed Puroamod's ghost (journeyman DsCj)
 23343 | D:14     | Reached XP level 15. HP: 84/84 MP: 19/27
 23402 | D:14     | Identified the +1 robe "Plog" {Str+2 Int+6}
 24067 | D:14     | Found a gate to the Vaults.
 24173 | D:15     | Entered Level 15 of the Dungeon
 24256 | D:15     | Learned a level 7 spell: Spellforged Servitor
 24263 | D:15     | Lost mutation: You are highly strong-willed. (Will++)
                  | [Jiyva's grace]
 24263 | D:15     | Lost mutation: Your transparent skin significantly reduces
                  | your foes' accuracy. (Stealth+) [Jiyva's grace]
 24263 | D:15     | Gained mutation: You have a pair of large horns on your
                  | head. [Jiyva's grace]
 24263 | D:15     | Gained mutation: You passively map a small area around you.
                  | [Jiyva's grace]
 24263 | D:15     | Gained mutation: You passively map the area around you.
                  | [Jiyva's grace]
 24263 | D:15     | Gained mutation: You passively map a large area around you.
                  | [Jiyva's grace]
 24270 | D:15     | Found a stormy altar of Qazlal.
 24429 | D:15     | Reached skill level 1 in Summonings
 24610 | D:15     | Found a staircase to the Depths.
 24622 | D:15     | Reached skill level 10 in Spellcasting
 24678 | D:15     | Identified the amulet of Piejacwi {Spirit rPois Str+4}
 24681 | D:15     | Found a sacrificial altar of Ru.
 25202 | Swamp:1  | Entered Level 1 of the Swamp
 25324 | Swamp:1  | Noticed a thorn hunter
 25336 | Swamp:1  | Killed a thorn hunter
 25835 | Swamp:2  | Noticed Louise
 25836 | Swamp:2  | Noticed a thorn hunter
 25992 | Swamp:2  | Was placed under penance by Jiyva
 26480 | Swamp:2  | Killed a thorn hunter
 26481 | Swamp:2  | Reached skill level 5 in Summonings
 26607 | Swamp:2  | Killed Louise
 27650 | Swamp:3  | Was forgiven by Jiyva
 27707 | Swamp:3  | Noticed a fenstrider witch
 27712 | Swamp:3  | Killed a fenstrider witch
 27910 | Swamp:3  | Reached XP level 16. HP: 88/88 MP: 24/31
 28213 | Swamp:4  | Entered Level 4 of the Swamp
 28264 | Swamp:4  | Noticed Mlioglotl
 28270 | Swamp:4  | Killed Mlioglotl
 28329 | Swamp:4  | Slain by a spriggan rider

Illustrated notes

Levels and vault maps discovered:
D:1:      lightli_arrival_quake, layout_basic
D:2:      layout_basic, basic_altar, grunt_decor_one_mirror, minmay_unequal
D:3:      kennysheep_slugbush, layout_basic, uniq_natasha, uniq_jessica
D:4:      layout_rooms, minitemple, minmay_misc_feat_columns, uniq_robin,
          uniq_grinder, uniq_pikel
D:5:      layout_loops_ring, amcnicky_altar_gilded, portal_sewer_entry_c
D:6:      layout_basic, minmay_temple_entry_offerings,
          nicolae_ossuary_entry_plus
D:7:      layout_loops_ring, kennysheep_boxes
D:8:      layout_basic
D:9:      layout_roguey, lair_entry_dummy, erik_orc_3, uniq_gastronok
D:10:     layout_basic, serial_shops, shop
D:11:     layout_long_grid
D:12:     layout_loops_ring, serial_rivers, chequers_serial_rivers_micro_b,
          chequers_serial_rivers_large_b, chequers_serial_rivers_micro_c,
          chequers_serial_rivers_room_b, chequers_serial_rivers_micro_c,
          nicolae_specific_store
D:13:     layout_small_grid, gammafunk_ghost_stat_death, minivault_19,
          nzn_wu_jian_council_hall
D:14:     layout_long_grid, david_vaults_5, grunt_ministairs_10,
          minmay_shattered_shrine
D:15:     grunt_enter_depths_giant_problem, layout_loops_ring,
          lemuel_crystal_altar, nicolae_qazlal_general_emergency
Temple:   nicolae_temple_bog_church
Lair:1:   beast_lair_carwin_large_3, layout_cave_pods,
          portal_ice_cave_entry_pillars_2, lemuel_fruit_tree, uniq_fannar
Lair:2:   layout_cave_pods, swamp_mist
Lair:3:   layout_small_grid, spider_nest_entry_rubble
Lair:4:   layout_gridlike, minmay_slime_entry_eyes
Lair:5:   wormcave, layout_hall_layers, hangedman_lair_caniforms_friends
Swamp:1:  layout_falls_marsh, evilmike_swamp_ruin_house_1, swamp_pool2
Swamp:2:  layout_falls_marsh, nicolae_swamp_little_tower,
          nicolae_swamp_some_circles, uniq_louise
Swamp:3:  layout_falls_marsh, evilmike_swamp_ruin_house_5
Swamp:4:  swamp_fiery, layout_basic_swamp, uniq_mlioglotl, uniq_nikola
Slime:1:  layout_caves
Slime:2:  layout_caves
Slime:3:  layout_caves
Slime:4:  layout_caves
Slime:5
Orc:1:    minmay_goldmine, layout_diamond_mine, gammafunk_ghost_necromancy
Orc:2:    st_orc_open, layout_caves

Skill      XL: |  1  2  3  4  5  6  7  8  9 10 11 12 13 14 15 16 |
---------------+-------------------------------------------------+-----
Conjurations   | 3 4 5 6 8 11 13 | 13.4
Spellcasting   | 3 4 5 6 7 10 | 10.0
Translocations | 2 4 6 8 10 | 10.0
Hexes          | 1 3 5 7 8 |  8.4
Dodging        | 6 10 13 15 | 15.0
Air Magic      | 3 5 |  5.0
Fighting       | 3 6 8 12 | 12.0
Ice Magic      | 3 5 |  5.0
Summonings     | 5 6 |  6.3
Stealth        | |  3.0

Action                     |  1- 3 |  4- 6 |  7- 9 | 10-12 | 13-15 | 16-18 || total
---------------------------+-------+-------+-------+-------+-------+-------++-------
  Melee: Whip              |    18 |       |     6 |    14 |       |       ||    38
         Unarmed           |     2 |       |       |       |       |       ||     2
         Kick              |       |       |       |     8 |    24 |       ||    32
         Punch             |       |       |       |     1 |       |       ||     1
         Pseudopods        |       |       |       |     1 |       |       ||     1
         Staff             |       |       |       |     4 |    75 |    15 ||    94
         Headbutt          |       |       |       |       |    13 |     4 ||    17
   Cast: Magic Dart        |    79 |   111 |   115 |   151 |   162 |       ||   618
         Searing Ray       |     5 |    20 |    72 |    53 |    33 |     1 ||   184
         Fulminant Prism   |       |     1 |     6 |    64 |     4 |       ||    75
         Iskenderun's Myst |       |       |    17 |    89 |   189 |     8 ||   303
         Freezing Cloud    |       |       |       |    28 |   224 |     5 ||   257
         Orb of Destructio |       |       |       |       |    29 |    12 ||    41
  Evoke: Wand              |       |       |     1 |       |     2 |       ||     3
         Lightning rod     |       |       |       |     2 |     9 |     2 ||    13
         Phantom mirror    |       |       |       |     1 |     1 |     1 ||     3
    Use: Scroll            |     2 |     6 |     8 |    10 |     5 |     1 ||    32
         Potion            |       |     1 |       |     1 |     1 |       ||     3
   Stab: Sleeping          |       |       |     1 |       |       |       ||     1
         Confused          |       |       |       |       |     1 |       ||     1
 Armour: Robe              |     3 |     2 |     3 |     4 |     7 |       ||    19
  Dodge: Dodged            |    25 |    37 |    96 |   151 |   308 |    18 ||   635

Table legend: (Time is in decaauts)
 A = Elapsed time spent in this place.
 B = Non-inter-level travel time spent in this place.
 C = Inter-level travel time spent in this place.
 D = Time resting spent in this place.
 E = Time spent auto-exploring this place.
 F = Levels seen in this place.
 G = Mean time per level.
                   A        B        C        D        E       F      G
               +--------+--------+--------+--------+--------+-----+--------+
         Total |  22023 |  21093 |    930 |   2292 |  14590 |  35 |  629.2 |
       Dungeon |  10972 |  10500 |    472 |   1040 |   7491 |  15 |  731.5 |
        Temple |      1 |      1 |      0 |      0 |      0 |   1 |    1.0 |
          Lair |   4315 |   4103 |    212 |    178 |   3128 |   5 |  863.0 |
         Swamp |   2729 |   2612 |    117 |    812 |   1369 |   4 |  682.2 |
    Slime Pits |    179 |    133 |     46 |      0 |     79 |   5 |   35.8 |
  Orcish Mines |   1524 |   1443 |     81 |     84 |    881 |   2 |  762.0 |
         Sewer |    638 |    638 |      0 |      0 |    553 |   1 |  638.0 |
       Ossuary |    189 |    189 |      0 |      2 |    112 |   1 |  189.0 |
      Ice Cave |   1471 |   1471 |      0 |    176 |    974 |   1 | 1471.0 |
               +--------+--------+--------+--------+--------+-----+--------+

Top non-repeatable levels by time:
  Lair:5: 1490 daAuts
   IceCv: 1471 daAuts
     D:3: 1256 daAuts
 Swamp:1: 1033 daAuts
     D:1: 988 daAuts
 Swamp:2: 973 daAuts
     D:2: 973 daAuts
     D:9: 945 daAuts
  Lair:3: 848 daAuts
   Orc:2: 825 daAuts
     D:5: 819 daAuts
    D:12: 800 daAuts
  Lair:1: 770 daAuts
    D:10: 761 daAuts
    D:14: 757 daAuts
